 Dungeon Crawl Stone Soup version 0.31.0-32-g396128a36d (webtiles) character file.

Game seed: 4404419143748703714

336 Ijustatesigmund the Conjurer (level 6, -2/44 HPs)
             Began as a Gnoll Conjurer on Mar 8, 2024.
             Slain by a bullfrog (3 damage)
             ... in a sewer.
             The game lasted 00:06:58 (3930 turns).

Ijustatesigmund the Conjurer (Gnoll Conjurer)       Turns: 3930, Time: 00:06:58

Health: -2/44      AC:  2    Str: 12    XL:     6   Next: 54%
Magic:  14/14      EV: 13    Int: 19    God:
Gold:   161        SH:  0    Dex: 11    Spells: 12/15 levels left

rFire   . . .        c - +0 mace
rCold   . . .        (no shield)
rNeg    . . .        a - +0 robe
rPois   .            (no helmet)
rElec   .            (no cloak)
rCorr   .            (no gloves)
SInv    .            (no boots)
Will    .....        (no amulet)
Stlth   ++           q - +6 ring of strength
HPRegen 0.27/turn    (no ring)
MPRegen 0.14/turn

%: no passive effects
@: mighty, attractive, invisible, very slow
A: fangs 1, strong nose, distributed training
a: no special abilities


You were in a sewer.
You visited 1 branch of the dungeon, and saw 3 of its levels.
You also visited: Sewer.

You collected 161 gold pieces.

Inventory:

Hand Weapons
 c - a +0 mace (weapon)
Armour
 a - a +0 robe (worn)
 i - a +2 chain mail of cold resistance
 k - a +0 tower shield
Jewellery
 q - a +6 ring of strength (left hand)
Scrolls
 d - a scroll of revelation
 e - a scroll of teleportation
 f - a scroll of enchant armour {unknown}
 h - 2 scrolls of summoning {unknown}
 j - a scroll of poison {unknown}
 o - 3 scrolls of immolation {unknown}
 r - a scroll of torment {unknown}
 t - 2 scrolls of identify {unknown}
Potions
 b - a potion of mutation {unknown}
 l - a potion of curing {unknown}


   Skills:
 + Level 2.1 Fighting
 + Level 2.1 Short Blades
 + Level 2.1 Long Blades
 + Level 2.1 Axes
 + Level 2.1 Maces & Flails
 + Level 2.1 Polearms
 + Level 2.1 Staves
 + Level 2.1 Ranged Weapons
 + Level 2.1 Throwing
 + Level 2.1 Armour
 + Level 5.0 Dodging
 + Level 4.6 Stealth
 + Level 2.1 Shields
 + Level 2.1 Unarmed Combat
 + Level 5.4 Spellcasting
 + Level 7.3 Conjurations
 + Level 1.6 Hexes
 + Level 1.6 Summonings
 + Level 1.6 Necromancy
 + Level 1.6 Translocations
 + Level 1.6 Fire Magic
 + Level 1.6 Ice Magic
 + Level 1.6 Air Magic
 + Level 1.6 Earth Magic
 + Level 1.6 Alchemy
 + Level 2.3 Invocations
 + Level 2.1 Evocations
 + Level 1.9 Shapeshifting


You had 12 spell levels left.
You knew the following spells:

 Your Spells              Type           Power      Damage    Failure   Level
a - Magic Dart            Conj           100%       1d8       1%          1
b - Searing Ray           Conj           66%        2d6       1%          2

Your spell library contained the following spells:

 Spells                   Type           Power      Damage    Failure   Level
 Shock                    Conj/Air       88%        1d8       1%          1
 Swiftness                Air            11%        N/A       19%         3
 Fulminant Prism          Conj/Alch      11%        3d8       19%         4
 Iskenderun's Mystic Bla  Conj/Tloc      22%        2d6       19%         4
 Airstrike                Air            5%         2d(1-17)  52%         4


Dungeon Overview and Level Annotations

Branches:
Dungeon (3/15)              Sewer (1/1)

Altars:
Gozag
Qazlal


Innate Abilities, Weirdness & Mutations

You have very sharp teeth.
Your uncanny sense of smell can sniff out nearby items.
Your experience applies equally to all skills.


Message History

(Press . to maintain the ray.)
The bullfrog hits you but does no damage.
The searing ray misses the bullfrog.
The bullfrog closely misses you. The bullfrog hits you.
* * * LOW HITPOINT WARNING * * *
Without enough magic to sustain it, your searing ray dissipates.
The bullfrog hits you.
* * * LOW HITPOINT WARNING * * *
It was a potion of ambrosia.
You are confused.
You feel invigorated. The bullfrog barely misses you. The bullfrog misses you.
The bullfrog attacks as it pursues you! The bullfrog hits you.
The bullfrog barely misses you.
You hit the bullfrog. Your punch misses the bullfrog.
The bullfrog is heavily wounded.
The bullfrog hits you but does no damage.
The bullfrog misses you.
You feel less invigorated.
You feel less confused.
The bullfrog snags a nearby baby bat with its tongue.
The bullfrog attacks as it pursues you! The bullfrog barely misses you.
The bullfrog closely misses you. x2
A ball python comes into view.
The bullfrog attacks as it pursues you! The bullfrog hits you! x3
* * * LOW HITPOINT WARNING * * *
It was a potion of attraction.
You feel attractive to monsters.
The ball python hisses angrily.
The bullfrog barely misses you.
The ball python is attracted toward you.
You hit the bullfrog.
The bullfrog is heavily wounded.
The bullfrog barely misses you. The bullfrog hits you!
* * * LOW HITPOINT WARNING * * *
The ball python bites you but does no damage.
The ball python closely misses you.
It was a potion of might.
You feel very mighty all of a sudden. The bullfrog hits you.
You die...

################
≈≈≈~~≈~≈≈≈≈~≈#.###
≈~≈~..~#~~~≈~....##
#≈†≈~~F@~≈.....#
~~≈≈≈≈†≈≈S~~~.....#
~≈~≈≈≈≈≈≈≈~≈≈.....##
≈≈≈≈≈≈≈≈≈≈≈≈~#.....#
###############....#
∆∆ ####.†.## ∆
#..#....# ∆
#..'†...# #####...#


You could see a bullfrog and a ball python.

Vanquished Creatures
  A bullfrog (Sewer)
  Natasha (twice) (D:2)
  8 adders
  6 river rats (Sewer)
  3 ribbon worms (D:2)
  A dart slug (D:2)
  5 endoplasms
  3 giant cockroaches
  4 goblins (D:1)
  2 hobgoblins (D:2)
  10 jackals
  6 kobolds
  2 quokkas (D:3)
  11 ball pythons
  3 bats
  5 frilled lizards
  29 rats
101 creatures vanquished.

Notes
Turn   | Place    | Note
-------+----------+-------------------------------------------
     0 | D:1      | Ijustatesigmund the Gnoll Conjurer began the quest for the
                  | Orb.
     0 | D:1      | Reached XP level 1. HP: 13/13 MP: 6/6
   238 | D:1      | Reached XP level 2. HP: 19/19 MP: 5/7
   241 | D:1      | Learned a level 2 spell: Searing Ray
  1054 | D:2      | Reached skill level 5 in Spellcasting
  1054 | D:2      | Reached XP level 3. HP: 20/25 MP: 2/9
  1123 | D:2      | Found an opulent altar of Gozag.
  1216 | D:2      | Reached skill level 1 in Invocations
  1482 | D:2      | Noticed Natasha
  1488 | D:2      | Killed Natasha
  1489 | D:2      | Reached skill level 1 in Fighting
  1489 | D:2      | Reached skill level 1 in Short Blades
  1489 | D:2      | Reached skill level 1 in Long Blades
  1489 | D:2      | Reached skill level 1 in Axes
  1489 | D:2      | Reached skill level 1 in Maces & Flails
  1489 | D:2      | Reached skill level 1 in Polearms
  1489 | D:2      | Reached skill level 1 in Staves
  1489 | D:2      | Reached skill level 1 in Ranged Weapons
  1489 | D:2      | Reached skill level 1 in Throwing
  1489 | D:2      | Reached skill level 1 in Armour
  1489 | D:2      | Reached skill level 1 in Shields
  1489 | D:2      | Reached skill level 1 in Unarmed Combat
  1489 | D:2      | Reached skill level 1 in Evocations
  1489 | D:2      | Reached skill level 1 in Shapeshifting
  1489 | D:2      | Reached XP level 4. HP: 25/32 MP: 4/11
  1809 | D:2      | Noticed Natasha
  1813 | D:2      | Killed Natasha
  1814 | D:2      | Reached skill level 1 in Hexes
  1814 | D:2      | Reached skill level 1 in Summonings
  1814 | D:2      | Reached skill level 1 in Necromancy
  1814 | D:2      | Reached skill level 1 in Translocations
  1814 | D:2      | Reached skill level 1 in Fire Magic
  1814 | D:2      | Reached skill level 1 in Ice Magic
  1814 | D:2      | Reached skill level 1 in Air Magic
  1814 | D:2      | Reached skill level 1 in Earth Magic
  1814 | D:2      | Reached skill level 1 in Alchemy
  2558 | D:3      | Found a stormy altar of Qazlal.
  2689 | D:3      | Reached XP level 5. HP: 37/37 MP: 8/12
  2710 | D:3      | Found a glowing drain.
  2726 | Sewer    | Entered a sewer
  3629 | Sewer    | Reached XP level 6. HP: 41/44 MP: 1/13
  3891 | Sewer    | Reached skill level 5 in Dodging
  3929 | Sewer    | HP: 1/44 [bullfrog (7)]
  3930 | Sewer    | Slain by a bullfrog

Illustrated notes

Levels and vault maps discovered:
D:1:      reono_arrival_mine, layout_loops_ring, st_stairs_7
D:2:      layout_basic, basic_altar, amethyst_killhole,
          minmay_misc_feat_diagonals, uniq_natasha
D:3:      layout_basic, nicolae_qazlal_general_emergency, portal_sewer_entry_f,
          glass_columns_c, moated_statue, uniq_terence
Sewer:    sewer_minmay_w

Skill      XL: |  1  2  3  4  5  6 |
---------------+-------------------+-----
Spellcasting   | 5 |  5.4
Invocations    | 1 2 |  2.3
Fighting       | 1 2 |  2.1
Short Blades   | 1 2 |  2.1
Long Blades    | 1 2 |  2.1
Axes           | 1 2 |  2.1
Maces & Flails | 1 2 |  2.1
Polearms       | 1 2 |  2.1
Staves         | 1 2 |  2.1
Ranged Weapons | 1 2 |  2.1
Throwing       | 1 2 |  2.1
Armour         | 1 2 |  2.1
Shields        | 1 2 |  2.1
Unarmed Combat | 1 2 |  2.1
Evocations     | 1 2 |  2.1
Shapeshifting  | 1 |  1.9
Hexes          | 1 |  1.6
Summonings     | 1 |  1.6
Necromancy     | 1 |  1.6
Translocations | 1 |  1.6
Fire Magic     | 1 |  1.6
Ice Magic      | 1 |  1.6
Air Magic      | 1 |  1.6
Earth Magic    | 1 |  1.6
Alchemy        | 1 |  1.6
Dodging        | 5 |  5.0
Stealth        | |  4.6
Conjurations   | |  7.3

Action                     |  1- 3 |  4- 6 || total
---------------------------+-------+-------++-------
  Melee: Mace              |     2 |    55 ||    57
         Bite              |       |     4 ||     4
   Cast: Magic Dart        |    42 |   143 ||   185
         Searing Ray       |     2 |     3 ||     5
    Use: Scroll            |       |     4 ||     4
         Potion            |       |     8 ||     8
 Armour: Robe              |     5 |    76 ||    81
  Dodge: Dodged            |     5 |    97 ||   102
